 Dungeon Crawl Stone Soup version 0.20.1-1-g8b1a95d (webtiles) character file.

227 troglodite the Skirmisher (level 5, -7/63 HPs)
             Began as a Demonspawn Berserker on Dec 11, 2017.
             Was a Priest of Trog.
             Mangled by a centaur (8 damage)
             ... on level 3 of the Dungeon.
             The game lasted 00:07:00 (2786 turns).

troglodite the Skirmisher (Demonspawn Berserker)    Turns: 2786, Time: 00:07:01

Health: -7/63      AC:  5    Str: 22    XL:     5   Next: 70%
Magic:  0/5        EV: 12    Int:  9    God:    Trog [***...]
Gold:   194        SH:  0    Dex: 13    Spells: 4/4 levels left

rFire    . . .     SeeInvis .   d - +0 dagger (venom)
rCold    . . .     Gourm    .   (no shield)
rNeg     . . .     Faith    .   e - +0 ring mail
rPois    .         Spirit   +   (no helmet)
rElec    .         Reflect  .   (no cloak)
rCorr    .         Harm     .   (no gloves)
MR       .....                  (no boots)
Stlth    ..........             (no amulet)
Regen    0.2/turn               i - ring of wizardry
MPRegen  0.1/turn               (no ring)

@: berserking, very quick
A: nightstalker 2, magic shield
a: Berserk, Trog's Hand, Burn Spellbooks, Renounce Religion


You were on level 3 of the Dungeon.
You worshipped Trog.
Trog was most pleased with you.
You were hungry.

You visited 1 branch of the dungeon, and saw 3 of its levels.

You collected 194 gold pieces.

Inventory:

Hand Weapons
 a - a +0 falchion
 d - a +0 dagger of venom (weapon)
Armour
 e - a +0 ring mail (worn)
Jewellery
 i - a ring of wizardry (left hand)
Scrolls
 b - 4 scrolls of identify {unknown}
 f - 2 scrolls of recharging {unknown}
 k - 2 scrolls of magic mapping {unknown}
 n - a scroll of enchant weapon {unknown}
 o - 3 scrolls of remove curse {unknown}
 q - a scroll of enchant armour {unknown}
 s - 2 scrolls of amnesia {unknown}
Potions
 g - 2 potions of flight {unknown}
 h - a potion of heal wounds {unknown}
 j - a potion of invisibility {unknown}
 l - 2 potions of berserk rage {unknown}
 m - 2 potions of haste {unknown}
 t - a potion of agility {unknown}
Comestibles
 c - 3 bread rations
 p - 8 chunks of flesh
 r - 3 meat rations


   Skills:
 * Level 4.2 Fighting
 + Level 1.1(2.1) Short Blades
 + Level 2.8(3.0) Long Blades
 * Level 3.5 Armour
 * Level 2.5 Dodging
 + Level 1.3 Stealth


You had 4 spell levels left.
You didn't know any spells.

Dungeon Overview and Level Annotations

Branches:
Dungeon (3/15)

Altars:


Innate Abilities, Weirdness & Mutations

You are significantly more attuned to the shadows.
When hurt, damage is shared between your health and your magic reserves.


Message History

* * * LOW HITPOINT WARNING * * *
You see here an arrow.
The centaur unwields an uncursed shortbow.
The centaur hits you but does no damage.
The centaur hits you.
* * * LOW HITPOINT WARNING * * *
A red film seems to cover your vision as you go berserk!
You feel yourself moving faster!
You feel mighty!
You are feeling hungry.
The centaur misses you.
You hit the centaur but do no damage.
The centaur is poisoned.
The centaur hits you.
* * * LOW HITPOINT WARNING * * *
You hit the centaur.
The centaur is moderately wounded.
The centaur misses you.
You barely miss the centaur.
The centaur is heavily wounded.
The centaur hits you!
You die...

#..............)......#...##.#...
#.....................#......#...
.............###......#..........
.............# #......#..........
.#......###...........#.......##.
........###.####......#.......##.
..........#.#.##......#.......##.
...#........#..#c...).#........#.
...#...........#@............#.#.
...#.............(...........#...
######............(..............
# #..............###..........
#### ###.#.........(...#.........
...# #.#.............#.........
...# #.#......##.....#.........
...# ###.#...... #.....#.....###.
...###.......... #.....#.........


You could see a centaur.

Vanquished Creatures
  An ogre (D:3)
  An orc priest (D:3)
  2 adders (D:2)
  2 oozes
  3 worms (D:2)
  3 dart slugs
  2 leopard geckos
  4 orcs (D:3)
  6 bats
  5 giant cockroaches
  9 goblins
  4 hobgoblins
  4 jackals (D:2)
  A quokka (D:2)
  3 ball pythons
  5 frilled lizards
  5 kobolds
  6 rats
66 creatures vanquished.

Notes
Turn   | Place    | Note
-------+----------+-------------------------------------------
     0 | D:1      | troglodite the Demonspawn Berserker began the quest for the Orb.
     0 | D:1      | Reached XP level 1. HP: 18/18 MP: 1/1
   419 | D:1      | Gained mutation: You are slightly more attuned to the shadows. [demonic ancestry]
   419 | D:1      | Reached XP level 2. HP: 24/24 MP: 2/2
   987 | D:2      | Gained mutation: When hurt, damage is shared between your health and your magic reserves. [demonic ancestry]
   987 | D:2      | Reached XP level 3. HP: 19/30 MP: 3/3
  1052 | D:2      | Reached ** piety under Trog
  1720 | D:2      | Gained mutation: You are significantly more attuned to the shadows. [demonic ancestry]
  1720 | D:2      | Reached XP level 4. HP: 37/37 MP: 4/4
  1768 | D:2      | Reached skill level 4 in Fighting
  2183 | D:3      | Noticed an ogre
  2192 | D:3      | Killed an ogre
  2192 | D:3      | Reached skill level 1 in Short Blades
  2192 | D:3      | Reached skill level 1 in Stealth
  2192 | D:3      | Reached XP level 5. HP: 34/42 MP: 1/5
  2593 | D:3      | Reached *** piety under Trog
  2774 | D:3      | Noticed a centaur
  2782 | D:3      | HP: 2/42 [centaur (5)]
  2786 | D:3      | Mangled by a centaur

Skill      XL: |  1  2  3  4 |
---------------+-------------+-----
Dodging        | 2 |  2.5
Armour         | 2 3 |  3.5
Fighting       | 4 |  4.2
Short Blades   | 1 |  1.1
Stealth        | 1 |  1.3
Long Blades    | |  2.8

Action                   |  1- 3 |  4- 6 || total
-------------------------+-------+-------++-------
Melee: Dagger            |   137 |    62 ||   199
Invok: Berserk           |     2 |     3 ||     5
 Stab: Sleeping          |     2 |     8 ||    10
       Distracted        |       |     1 ||     1
  Eat: Chunk             |     5 |     5 ||    10
Armor: Ring mail         |    38 |    19 ||    57
       Animal skin       |     4 |       ||     4
Dodge: Dodged            |    87 |    38 ||   125
